 Dungeon Sprint DCSS version 0.18.1-48-g4cf74bf (webtiles) character file.

537242 Gingerlord the Conqueror (level 21, -1/223 (224) HPs)
             Began as a Minotaur Fighter on July 7, 2016.
             Was a High Priest of the Shining One.
             Succumbed to Gloorx Vloq's dark miasma
             ... in the Dungeon (Sprint IX: "|||||||||||||||||||||||||||||").
             The game lasted 00:59:08 (19704 turns).

Gingerlord the Conqueror (Minotaur Fighter)        Turns: 19704, Time: 00:59:10

HP:   -1/223 (224)  AC: 44    Str: 25    XL:     21   Next: 80%
MP:   25/46         EV: 27    Int:  4    God:    the Shining One [*****.]
Gold: 1514          SH: 32    Dex: 25    Spells: 0 memorised, 45 levels left

rFire  + + .     SeeInvis .     c - +9 eudemon blade (holy)
rCold  + + +     Gourm    .     N - +8 gold dragon armour
rNeg   + + +     Faith    .     g - +1 large shield {rC+}
rPois  +         Spirit   .     p - +1 hat
rElec  .         Dismiss  .     F - +1 ratskin cloak {rPois rN+ Int-1 Dex-1}
rCorr  .         Reflect  +     z - +0 pair of gloves {Dex+3}
SustAt .         Harm     .     a - +1 pair of boots "Cened" {rF+ MP+9}
MR     +....     NoTele   +     s - amulet of Erel {Reflect Dex+3 SH+3}
Stlth  +.........               y - ring of protection from cold
                                q - +6 ring of strength

@: lethally poisoned (-1 -> -61), slowed, glowing, very slow, somewhat resistant
to hostile enchantments, very unstealthy
A: retaliatory headbutt, horns 2, cold resistance 1, weak 1
a: Divine Shield, Cleansing Flame, Summon Divine Warrior, Renounce Religion
}: 9/15 runes: decaying, serpentine, barnacled, slimy, elven, silver, golden,
abyssal, gossamer


You were in the Dungeon.
You worshipped the Shining One.
The Shining One was extremely pleased with you.
You were not hungry.

You visited 1 branch You collected 1904 gold pieces.
You spent 390 gold pieces at shops.

Inventory:

Hand Weapons
 c - a +9 eudemon blade of holy wrath (weapon)
Missiles
 r - 21 javelins of penetration (quivered)
Armour
 a - the +1 pair of boots "Cened" (worn) {rF+ MP+9}
   (Okawaru gifted it to you in the Dungeon)

   It protects you from fire.
   It affects your magic capacity (+9).
 g - a +1 large shield of cold resistance (worn)
 p - a +1 hat (worn)
 z - a +0 pair of gloves of dexterity (worn)
 E - a +1 pair of boots of flying
 F - the +1 ratskin cloak (worn) {rPois rN+ Int-1 Dex-1}
   (Okawaru gifted it to you in the Dungeon)

   It affects your intelligence (-1).
   It affects your dexterity (-1).
   It protects you from poison.
   It protects you from negative energy.
 N - a +8 gold dragon armour (worn)
Jewellery
 q - a +6 ring of strength (left hand)
 s - the amulet of Erel (around neck) {Reflect Dex+3 SH+3}
   (You found it in the Dungeon)

   [amulet of reflection]

   It shields you and reflects attacks.
   It affects your dexterity (+3).
   It affects your SH (+3).
 x - an uncursed ring of fire
 y - a ring of protection from cold (right hand)
 J - the ring of Zuweevid {MR+ Dex+2}
   (You found it in the Dungeon)

   [ring of protection from magic]

   It affects your dexterity (+2).
   It affects your resistance to hostile enchantments.
Wands
 o - a wand of iceblast (3/15)
 I - a wand of hasting (7/9)
Scrolls
 m - 8 scrolls of remove curse
 n - 2 scrolls of amnesia
 u - 5 scrolls of identify
Potions
 b - 3 potions of cure mutation
 d - 2 potions of agility
 e - a potion of curing
 i - 4 potions of magic
 j - 5 potions of berserk rage
 L - a potion of lignification
Miscellaneous
 w - a phantom mirror
Comestibles
 f - 3 bread rations
 h - 13 meat rations
 k - 23 fruits


   Skills:
 O Level 27 Fighting
 O Level 27 Long Blades
 O Level 27 Throwing
 O Level 27 Armour
 O Level 27 Dodging
 O Level 27 Stealth
 O Level 27 Shields
 + Level 18.4 Unarmed Combat
 + Level 12.7 Spellcasting
 O Level 27 Invocations
 O Level 27 Evocations


You had 45 spell levels left.
You didn't know any spells.

Dungeon Overview and Level Annotations

Branches:
Dungeon (1/1)

Altars:
Cheibriados
Dithmenos
Elyvilon
Fedhas
Gozag
Kikubaaqudgha
Makhleb
Nemelex Xobeh
Okawaru
Pakellas
Qazlal
Ru
Sif Muna
Trog
Vehumet
Xom
Yredelemnul
Zin
The Shining One
Beogh
Jiyva
Lugonu

Shops:
D }(:(

Annotations:
D Dispater, Ereshkigal, Gloorx Vloq, Lom Lobon


Innate Abilities, Weirdness & Mutations

You reflexively headbutt those who attack you in melee.
You have a pair of horns on your head.
Your flesh is cold resistant.
You are weak. (Str -2)


Message History

* * * LOW HITPOINT WARNING * * *
You feel very sick. The Executioner gestures at you.
You resist with some effort.
Gloorx Vloq hits you but does no damage.
The Executioner misses you. You block the Executioner's attack. x2
The Executioner gestures.
The Executioner seems to speed up.
Gloorx Vloq gestures at you. The poison arrow hits you!
You are more poisoned.
You partially resist. The Shining One protects you from harm!
You slash Gloorx Vloq!
Gloorx Vloq convulses!
Gloorx Vloq is severely wounded.
You are engulfed in dark miasma.
You are more poisoned.
You feel as though you will be slow longer.
* * * LOW HITPOINT WARNING * * *
You die...

............................▓
▓♣♣♣♣♣♣♣♣♣♣♣♣▓▓▓▓▓▓▓▓▓▓▓▓▓▓.▓
'..(.....))))........)))'...▓
▓♣♣♣♣♣♣♣♣♣♣♣♣▓▓▓▓▓▓▓▓▓▓▓▓▓▓▓▓
............................▓
▓▓▓▓▓▓▓▓▓▓▓▓▓▓▓▓▓▓▓▓▓▓▓▓▓▓▓.▓
.........'............'.....▓
▓▓▓▓▓▓▓▓▓▓▓▓▓▓▓▓▓▓▓▓▓▓▓▓▓▓▓▓▓
...)...§§.....&1@&11..&.§...▓
▓▓▓▓▓▓▓▓▓▓▓▓▓▓▓▓▓▓▓▓▓▓▓▓▓▓▓.▓
............................▓
▓▓▓▓▓▓▓▓▓▓▓▓▓▓▓▓▓▓▓▓▓▓▓▓▓▓▓▓▓


You could see Dispater, Lom Lobon, Gloorx Vloq and 3 Executioners.

Vanquished Creatures
  Antaeus (D)
  the Royal Jelly (D)
  2 orbs of fire (D)
  5 ancient liches (D)
  Mennas (D)
  Mara (D)
  7 greater mummies (D)
  Boris (D)
  Margery (D)
  Saint Roka (D)
  Norris (D)
  A curse toe (D)
  Geryon (D)
  5 golden dragons (D)
  Jory (D)
  Xtahua (D)
  3 electric golems (D)
  A bone dragon (D)
  3 liches (D)
  5 tentacled monstrosities (D)
  27 Orb Guardians (D)
  3 deep elf blademasters (D)
  4 titans (D)
  7 acid blobs (D)
  3 deep elf master archers (D)
  2 death cobs (D)
  12 sphinxes (D)
  Frances (D)
  5 storm dragons (D)
  9 shadow dragons (D)
  6 greater nagas (D)
  5 fire giants (D)
  7 azure jellies (D)
  4 frost giants (D)
  2 draconian knights (D)
  3 ghost moths (D)
  A deep elf sorcerer (D)
  2 orc warlords (D)
  Louise (D)
  4 emperor scorpions (D)
  A draconian shifter (D)
  3 draconian annihilators (D)
  2 ironheart preservers (D)
  3 green draconians (D)
  2 stone giants (D)
  8 vampire knights (D)
  2 very ugly things (D)
  3 deep elf demonologists (D)
  A draconian caller (D)
  2 salamander stormcallers (D)
  A black draconian (D)
  4 red draconians (D)
  2 mottled draconians (D)
  6 white draconians (D)
  3 purple draconians (D)
  3 deep elf annihilators (D)
  Snorg (D)
  A deep elf death mage (D)
  4 merfolk javelineers (D)
  A minotaur (D)
  3 mummy priests (D)
  25 vault guards (D)
  8 death oozes (D)
  4 fire dragons (D)
  4 merfolk impalers (D)
  2 entropy weavers (D)
  3 ice dragons (D)
  4 yaktaur captains (D)
  A great orb of eyes (D)
  5 hydras (D)
  2 death knights (D)
  A naga warrior (D)
  2 catoblepae (D)
  A satyr (D)
  A merfolk avatar (D)
  4 centaur warriors (D)
  4 merfolk aquamancers (D)
  8 ogre magi (D)
  2 deep troll shamans (D)
  A tengu warrior (D)
  5 death yaks (D)
  A naga sharpshooter (D)
  2 orc high priests (D)
  Sonja (D)
  3 shock serpents (D)
  A thrashing horror (D)
  Nergalle (D)
  6 hell knights (D)
  A salamander mystic (D)
  A spriggan druid (D)
  7 swamp dragons (D)
  3 giant orange brains (D)
  A wizard (D)
  4 orc knights (D)
  3 ironbrand convokers (D)
  3 necromancers (D)
  A mana viper (D)
  4 ugly things (D)
  2 cyclopes (D)
  2 manticores (D)
  A griffon (D)
  5 wolf spiders (D)
  11 moths of wrath (D)
  A siren (D)
  Maurice (D)
  A vault sentinel (D)
  2 guardian serpents (D)
  4 black mambas (D)
  Psyche (D)
  2 naga magi (D)
  A water nymph (D)
  A gargoyle (D)
  An orange demon (D)
  A spiny frog (D)
  A torpor snail (D)
  3 yaktaurs (D)
  A rime drake (D)
  A komodo dragon (D)
  2 demonic crawlers (D)
  2 ancient zymes (D)
  2 freezing wraiths (D)
  18 guardian mummies (D)
  2 merfolk (D)
  A wandering mushroom (D)
  4 trolls (D)
  3 jumping spiders (D)
  4 slime creatures (D)
  5 two-headed ogres (D)
  2 boulder beetles (D)
  3 blink frogs (D)
  A bog body (D)
  A shadow (D)
  2 tarantellas (D)
  A redback (D)
  13 spriggans (D)
  2 ynoxinuls (D)
  A human (shapeshifter) (D)
  A yak (D)
  A wraith (D)
  Eustachio (D)
  A neqoxec (D)
  A hungry ghost (D)
  4 hippogriffs (D)
  An insubstantial wisp (D)
  2 wargs (D)
  2 nagas (D)
  A naga (shapeshifter) (D)
  2 water moccasins (D)
  2 giant eyeballs (D)
  2 swamp drakes (D)
  A porcupine (D)
  14 orc warriors (D)
  2 wasps (D)
  6 ogres (D)
  2 eyes of draining (D)
  A boggart (D)
  2 centaurs (D)
  An eye of draining (shapeshifter) (D)
  2 crocodiles (D)
  3 giant frogs (D)
  A big kobold (D)
  A howler monkey (D)
  2 crimson imps (D)
  A quasit (D)
  A hound (D)
  A jelly (D)
  2 iguanas (D)
  2 orc wizards (D)
  A worker ant (D)
  An adder (D)
  3 river rats (D)
  4 ball lightnings (D)
  2 dart slugs (D)
  16 orcs (D)
  2 bats (D)
  A bat skeleton (D)
  A bat simulacrum (D)
  A giant gecko skeleton (D)
  A rat (D)
548 creatures vanquished.

Vanquished Creatures (others)
  Ilsuiw (D)
  A deep elf archer (D)
  A swamp drake (D)
  17 ball lightnings (D)
  A block of ice (D)
21 creatures vanquished.

Grand Total: 569 creatures vanquished

Notes
Turn   | Place    | Note
--------------------------------------------------------------
     0 | D        | Gingerlord the Minotaur Fighter began the quest for the Orb.
     0 | D        | Reached XP level 1. HP: 19/19 MP: 0/0
     9 | D        | Reached skill level 1 in Dodging
    17 | D        | Reached XP level 2. HP: 23/27 MP: 1/1
    61 | D        | Noticed an ogre
    61 | D        | Noticed a howler monkey
    69 | D        | Reached skill level 5 in Fighting
    69 | D        | Reached skill level 5 in Armour
    69 | D        | Reached skill level 5 in Shields
    69 | D        | Reached XP level 3. HP: 23/36 MP: 2/2
    73 | D        | Reached XP level 4. HP: 29/44 MP: 3/3
    77 | D        | Reached skill level 5 in Long Blades
    83 | D        | Killed an ogre
    83 | D        | Reached skill level 5 in Dodging
    83 | D        | Reached XP level 5. HP: 26/52 MP: 4/4
   236 | D        | Found a glowing silver altar of Zin.
   236 | D        | Found a glowing golden altar of the Shining One.
   236 | D        | Found an ancient bone altar of Kikubaaqudgha.
   236 | D        | Found a basalt altar of Yredelemnul.
   236 | D        | Found a shimmering altar of Xom.
   236 | D        | Found a radiant altar of Vehumet.
   237 | D        | Found an iron altar of Okawaru.
   238 | D        | Found a burning altar of Makhleb.
   239 | D        | Found a deep blue altar of Sif Muna.
   240 | D        | Found a bloodstained altar of Trog.
   241 | D        | Found a sparkling altar of Nemelex Xobeh.
   242 | D        | Found a white marble altar of Elyvilon.
   243 | D        | Found a roughly hewn altar of Beogh.
   244 | D        | Found a viscous altar of Jiyva.
   245 | D        | Found a corrupted altar of Lugonu.
   247 | D        | Became a worshipper of Warmaster Okawaru
   249 | D        | Found a blossoming altar of Fedhas.
   250 | D        | Found a snail-covered altar of Cheibriados.
   251 | D        | Found a shadowy altar of Dithmenos.
   252 | D        | Found a stormy altar of Qazlal.
   253 | D        | Found an opulent altar of Gozag.
   254 | D        | Found a sacrificial altar of Ru.
   255 | D        | Found an oddly glowing altar of Pakellas.
   300 | D        | Noticed a centaur
   300 | D        | Noticed an eye of draining
   307 | D        | Reached XP level 6. HP: 59/60 MP: 0/6
   395 | D        | Noticed a troll
   395 | D        | Noticed a green ugly thing
   395 | D        | Noticed a troll
   399 | D        | Killed a troll
   399 | D        | Reached * piety under Okawaru
   399 | D        | Reached XP level 7. HP: 69/69 MP: 8/10
   404 | D        | Killed a green ugly thing
   404 | D        | Reached ** piety under Okawaru
   404 | D        | Reached XP level 8. HP: 78/78 MP: 8/12
   412 | D        | Killed a troll
   412 | D        | Reached skill level 10 in Shields
   416 | D        | Reached skill level 10 in Fighting
   416 | D        | Reached skill level 10 in Armour
   536 | D        | Noticed Sonja
   637 | D        | Noticed a komodo dragon
   643 | D        | Killed a komodo dragon
   652 | D        | Reached *** piety under Okawaru
   652 | D        | Reached skill level 10 in Long Blades
   655 | D        | Reached XP level 9. HP: 65/86 MP: 14/14
   786 | D        | Noticed a black mamba
   786 | D        | Noticed a five-headed hydra
   786 | D        | Noticed a rime drake
   793 | D        | Killed a one-headed hydra
   793 | D        | Reached **** piety under Okawaru
   793 | D        | Reached skill level 10 in Invocations
   798 | D        | Killed a rime drake
   818 | D        | Reached skill level 10 in Dodging
   837 | D        | Killed a black mamba
   837 | D        | Received a gift from Okawaru
   840 | D        | HP: 2/89 [crocodile (5)]
  1187 | D        | Reached XP level 10. HP: 78/96 MP: 17/17
  1270 | D        | Noticed a death yak
  1270 | D        | Noticed a death yak
  1270 | D        | Noticed a catoblepas
  1270 | D        | Noticed a death yak
  1270 | D        | Noticed a death yak
  1278 | D        | Killed a death yak
  1278 | D        | Reached ***** piety under Okawaru
  1280 | D        | Noticed a death yak
  1292 | D        | Noticed a catoblepas
  1292 | D        | Killed a death yak
  1658 | D        | Killed a catoblepas
  2088 | D        | Killed a death yak
  2088 | D        | Received a gift from Okawaru
  2095 | D        | Killed a death yak
  2100 | D        | Killed a death yak
  2100 | D        | Reached XP level 11. HP: 85/107 MP: 11/18
  2108 | D        | Killed a catoblepas
  2306 | D        | Noticed Psyche
  2314 | D        | Killed Psyche
  2350 | D        | Noticed an orc high priest
  2358 | D        | Noticed a soul eater
  2361 | D        | Killed an orc high priest
  2433 | D        | Noticed an orc high priest
  2458 | D        | Noticed a sun demon
  2461 | D        | Killed an orc high priest
  2518 | D        | Found Kaargh's Weapon Boutique.
  2518 | D        | Noticed an ogre mage
  2518 | D        | Noticed an ogre mage
  2526 | D        | Killed an ogre mage
  2527 | D        | Found Fowk's Book Shop.
  2532 | D        | Killed an ogre mage
  2536 | D        | Found Quwaf's Weapon Boutique.
  2538 | D        | Received a gift from Okawaru
  2539 | D        | Noticed an ogre mage
  2543 | D        | Found Zyidgh's Gadget Shop.
  2555 | D        | Noticed an ogre mage
  2564 | D        | Killed an ogre mage
  2564 | D        | Reached skill level 15 in Fighting
  2564 | D        | Reached skill level 15 in Armour
  2565 | D        | Reached skill level 15 in Shields
  2576 | D        | Killed an ogre mage
  2576 | D        | Reached XP level 12. HP: 115/119 MP: 17/19
  2600 | D        | Got a scorched crystal plate armour {god gift}
  2611 | D        | Identified the +0 crystal plate armour of Beyond {rElec rPois MP-9 Int+9 SInv} (Okawaru gifted it to you in the Dungeon)
  2623 | D        | Bought a phantom mirror for 390 gold pieces
  2645 | D        | Noticed Eustachio
  2651 | D        | Killed Eustachio
  2651 | D        | Reached skill level 15 in Long Blades
  2656 | D        | Noticed Maurice
  2818 | D        | Noticed a centaur warrior
  2824 | D        | Noticed a frost giant
  2841 | D        | Noticed a deep troll shaman
  2847 | D        | Noticed an entropy weaver
  2850 | D        | Killed a frost giant
  2861 | D        | Killed a centaur warrior
  2862 | D        | Noticed a centaur warrior
  2893 | D        | Killed a deep troll shaman
  2915 | D        | Killed an entropy weaver
  2928 | D        | Killed a centaur warrior
  2958 | D        | Received a gift from Okawaru
  2975 | D        | Got a pair of smoking boots {god gift}
  2981 | D        | Identified the +1 pair of boots "Cened" {rF+ MP+9} (Okawaru gifted it to you in the Dungeon)
  3296 | D        | Noticed Frances
  3317 | D        | Killed Frances
  3317 | D        | Reached skill level 15 in Dodging
  3400 | D        | Noticed Snorg
  3414 | D        | Killed Snorg
  3479 | D        | Reached XP level 13. HP: 77/132 MP: 11/20
  3792 | D        | Noticed a merfolk javelineer
  3792 | D        | Noticed a merfolk impaler
  3806 | D        | Killed a merfolk impaler
  3822 | D        | Killed a merfolk javelineer
  3822 | D        | Reached ****** piety under Okawaru
  3933 | D        | Received a gift from Okawaru
  4005 | D        | Noticed Saint Roka
  4041 | D        | Killed Saint Roka
  4183 | D        | Noticed Nergalle
  4196 | D        | Killed Nergalle
  4238 | D        | Noticed a frost giant
  4245 | D        | Killed a frost giant
  4245 | D        | Received a gift from Okawaru
  4246 | D        | Noticed a stone giant
  4265 | D        | Noticed a purple very ugly thing
  4266 | D        | Noticed a shadow dragon
  4274 | D        | Killed a stone giant
  4286 | D        | Killed a purple very ugly thing
  4291 | D        | Noticed a fire dragon
  4308 | D        | Killed a shadow dragon
  4308 | D        | Reached XP level 14. HP: 62/146 MP: 21/21
  4347 | D        | Noticed a stone giant
  4364 | D        | Killed a stone giant
  4366 | D        | Noticed a red very ugly thing
  4388 | D        | Killed a red very ugly thing
  4610 | D        | Noticed an ironheart preserver
  4623 | D        | Received a gift from Okawaru
  4631 | D        | Killed an ironheart preserver
  4665 | D        | Noticed an ironheart preserver
  4684 | D        | Killed an ironheart preserver
  4708 | D        | Noticed a fire giant
  4746 | D        | Killed a fire giant
  4746 | D        | Received a gift from Okawaru
  4767 | D        | Received a gift from Okawaru
  4945 | D        | Noticed Mennas
  5020 | D        | Killed Mennas
  5198 | D        | Noticed Jory
  5217 | D        | Killed Jory
  5217 | D        | Received a gift from Okawaru
  5217 | D        | Reached XP level 15. HP: 107/158 MP: 22/22
  5258 | D        | Killed Maurice
  5388 | D        | Got the +1 demon blade of Fate {slice, rPois rN+ Dex+3 Stlth+}
  5485 | D        | Noticed Margery
  5504 | D        | Killed Margery
  5536 | D        | Noticed Louise
  5543 | D        | Noticed Xtahua
  5562 | D        | Killed Louise
  5573 | D        | Killed Xtahua
  5573 | D        | Received a gift from Okawaru
  5739 | D        | Got a decaying rune of Zot
  5748 | D        | Noticed a ghost moth
  5755 | D        | Killed a ghost moth
  5766 | D        | Noticed a ghost moth
  5824 | D        | Killed a ghost moth
  5856 | D        | Got a gossamer rune of Zot
  6101 | D        | Noticed Ilsuiw
  6124 | D        | Received a gift from Okawaru
  6170 | D        | Killed Ilsuiw
  6184 | D        | Reached XP level 16. HP: 139/173 MP: 21/23
  6204 | D        | Got a barnacled rune of Zot
  6496 | D        | Noticed Norris
  6512 | D        | Killed Norris
  6690 | D        | Received a gift from Okawaru
  6774 | D        | Noticed a titan
  6810 | D        | Killed a titan
  6819 | D        | Noticed a shadow dragon
  6822 | D        | Noticed a shadow dragon
  6904 | D        | Killed a shadow dragon
  6946 | D        | Received a gift from Okawaru
  7051 | D        | Noticed a shadow dragon
  7051 | D        | Noticed a tentacled monstrosity
  7051 | D        | Noticed a shadow dragon
  7052 | D        | Noticed a tentacled monstrosity
  7057 | D        | Reached XP level 17. HP: 188/188 MP: 16/24
  7078 | D        | Killed a tentacled monstrosity
  7089 | D        | Killed a tentacled monstrosity
  7138 | D        | Got a silver rune of Zot
  7183 | D        | Noticed Boris
  7197 | D        | Killed Boris
  7218 | D        | Noticed Mara
  7230 | D        | Killed Mara
  7230 | D        | Reached skill level 27 in Fighting
  7259 | D        | Got the ring "Asorodgh" {Wiz Str+3}
  7261 | D        | Got the ring of Zuweevid {MR+ Dex+2}
  7267 | D        | Got the amulet of Erel {Reflect Dex+3 SH+3}
  7269 | D        | Got the amulet "Teqacekhe" {*Confuse +Rage Int+3 SInv}
  7291 | D        | Killed Sonja
  7293 | D        | Got the ring "Annuff" {*Contam rElec rF+++ MR+ Str-5}
  7696 | D        | Got a serpentine rune of Zot
 10050 | D        | Received a gift from Okawaru
 10071 | D        | Noticed a bone dragon
 10071 | D        | Noticed a golden dragon
 10073 | D        | Noticed a golden dragon
 10085 | D        | Killed a golden dragon
 10085 | D        | Reached skill level 10 in Evocations
 10102 | D        | Killed a bone dragon
 10134 | D        | Killed a golden dragon
 10176 | D        | Reached skill level 15 in Invocations
 10198 | D        | Received a gift from Okawaru
 10201 | D        | Got a brightly glowing cloak {god gift}
 10212 | D        | Identified the +1 cloak of Hedonism {rElec rF- Slay+3 Stlth+} (Okawaru gifted it to you in the Dungeon)
 10318 | D        | Reached skill level 15 in Evocations
 10559 | D        | Noticed a tentacled monstrosity
 10582 | D        | Killed a tentacled monstrosity
 10609 | D        | Reached skill level 27 in Dodging
 10609 | D        | Reached XP level 18. HP: 182/200 MP: 29/29
 10713 | D        | Gained mutation: You are weak. (Str -2) [mutagenic glow]
 10935 | D        | Noticed an electric golem
 10936 | D        | Noticed a golden dragon
 10946 | D        | Killed an electric golem
 10995 | D        | Killed a golden dragon
 11088 | D        | Noticed a tentacled monstrosity
 11089 | D        | Noticed a golden dragon
 11099 | D        | Killed a tentacled monstrosity
 11123 | D        | Killed a golden dragon
 11417 | D        | Noticed an Orb Guardian
 11417 | D        | Noticed an Orb Guardian
 11417 | D        | Noticed an Orb Guardian
 11417 | D        | Noticed an Orb Guardian
 11417 | D        | Noticed an Orb Guardian
 11417 | D        | Noticed an Orb Guardian
 11423 | D        | Killed an Orb Guardian
 11423 | D        | Received a gift from Okawaru
 11428 | D        | Killed an Orb Guardian
 11432 | D        | Killed an Orb Guardian
 11434 | D        | Killed an Orb Guardian
 11435 | D        | Noticed an Orb Guardian
 11438 | D        | Noticed an Orb Guardian
 11441 | D        | Killed an Orb Guardian
 11446 | D        | Killed an Orb Guardian
 11451 | D        | Killed an Orb Guardian
 11452 | D        | Noticed an Orb Guardian
 11455 | D        | Noticed an Orb Guardian
 11455 | D        | Killed an Orb Guardian
 11464 | D        | Killed an Orb Guardian
 11473 | D        | Killed an Orb Guardian
 11575 | D        | Noticed a tentacled monstrosity
 11575 | D        | Noticed an Orb Guardian
 11575 | D        | Noticed an Orb Guardian
 11581 | D        | Noticed an Orb Guardian
 11585 | D        | Killed an Orb Guardian
 11590 | D        | Noticed an Orb Guardian
 11600 | D        | Killed an Orb Guardian
 11604 | D        | Killed a tentacled monstrosity
 11607 | D        | Killed an Orb Guardian
 11614 | D        | Killed an Orb Guardian
 11709 | D        | Noticed an ancient lich
 11713 | D        | Killed an ancient lich
 11713 | D        | Reached XP level 19. HP: 207/207 MP: 34/34
 11716 | D        | Noticed an orb of fire
 11716 | D        | Gained mutation: Your flesh is cold resistant. [an orb of fire]
 11726 | D        | Killed an orb of fire
 11729 | D        | Noticed an electric golem
 11742 | D        | Killed an electric golem
 11944 | D        | Noticed a golden dragon
 11944 | D        | Noticed an electric golem
 11944 | D        | Noticed an ancient lich
 11951 | D        | Killed an ancient lich
 11951 | D        | Reached skill level 27 in Evocations
 11952 | D        | Noticed a curse toe
 11953 | D        | Noticed an orb of fire
 11962 | D        | Noticed an ancient lich
 11968 | D        | Received a gift from Okawaru
 11995 | D        | Killed an orb of fire
 11998 | D        | Noticed an ancient lich
 12006 | D        | Killed an ancient lich
 12028 | D        | Noticed an ancient lich
 12043 | D        | Killed an ancient lich
 12043 | D        | Reached skill level 27 in Invocations
 12043 | D        | Reached skill level 27 in Long Blades
 12059 | D        | Killed an electric golem
 12069 | D        | Killed an ancient lich
 12072 | D        | Killed a golden dragon
 12076 | D        | Killed a curse toe
 12076 | D        | Reached skill level 15 in Throwing
 12458 | D        | Received a gift from Okawaru
 12479 | D        | Reached XP level 20. HP: 148/216 MP: 36/36
 12516 | D        | Received a gift from Okawaru
 15197 | D        | Fell from the grace of Okawaru
 15197 | D        | Became a worshipper of the Shining One
 16797 | D        | Reached * piety under the Shining One
 16797 | D        | Reached ** piety under the Shining One
 16798 | D        | Reached *** piety under the Shining One
 16808 | D        | Reached **** piety under the Shining One
 16815 | D        | Reached ***** piety under the Shining One
 16848 | D        | Reached ****** piety under the Shining One
 16867 | D        | Identified a +9 eudemon blade of holy wrath (a +8 eudemon blade of holy wrath blessed by the Shining One)
 16867 | D        | Received a gift from the Shining One
 16930 | D        | Reached skill level 27 in Throwing
 16952 | D        | Reached skill level 27 in Armour
 16960 | D        | Reached skill level 27 in Shields
 16967 | D        | Reached skill level 10 in Stealth
 16985 | D        | Got an elven rune of Zot
 17000 | D        | Paralysed by a giant eyeball for 2 turns
 17006 | D        | Noticed the Royal Jelly
 17019 | D        | Reached skill level 15 in Stealth
 17040 | D        | Killed the Royal Jelly
 17110 | D        | Got a slimy rune of Zot
 17332 | D        | Reached XP level 21. HP: 203/223 MP: 37/37
 17695 | D        | Noticed a greater mummy
 17695 | D        | Noticed a greater mummy
 18199 | D        | Killed a greater mummy
 18448 | D        | Killed a greater mummy
 18517 | D        | Noticed a greater mummy
 18548 | D        | Killed a greater mummy
 18548 | D        | Reached skill level 27 in Stealth
 18631 | D        | Noticed a greater mummy
 18631 | D        | Noticed a greater mummy
 18633 | D        | Reached skill level 5 in Unarmed Combat
 18635 | D        | Noticed a greater mummy
 18635 | D        | Killed a greater mummy
 18635 | D        | Reached skill level 5 in Spellcasting
 18635 | D        | Killed a greater mummy
 18635 | D        | Reached skill level 10 in Unarmed Combat
 18645 | D        | Killed a greater mummy
 18646 | D        | Noticed a greater mummy
 18660 | D        | Killed a greater mummy
 18673 | D        | Got a golden rune of Zot
 18751 | D        | Got an abyssal rune of Zot
 18909 | D        | Reached skill level 10 in Spellcasting
 18919 | D        | Reached skill level 15 in Unarmed Combat
 18984 | D        | Noticed Geryon
 19002 | D        | Killed Geryon
 19004 | D        | Noticed Lom Lobon
 19004 | D        | Noticed Gloorx Vloq
 19008 | D        | Noticed Dispater
 19014 | D        | Noticed Antaeus
 19017 | D        | Noticed Ereshkigal
 19479 | D        | Killed Antaeus
 19703 | D        | HP: 10/223 [poisoned by Gloorx Vloq (dark miasma)]
 19703 | D        | The Shining One protects you from harm!
 19704 | D        | HP: 4/223 [Gloorx Vloq] (6)]
 19704 | D        | Succumbed to Gloorx Vloq's dark miasma

Skill      XL: |  1  2  3  4  5  6  7  8  9 10 11 12 13 14 15 16 17 18 19 20 21 |
---------------+----------------------------------------------------------------+-----
Armour         | 4 5 7 8 9 10 11 13 15 17 19 21 23 26 27 | 27.0
Fighting       | 4 5 7 8 9 10 11 13 15 17 19 21 23 26 27 | 27.0
Shields        | 4 5 7 8 9 10 11 13 15 17 19 21 23 26 27 | 27.0
Dodging        | 1 3 5 7 9 10 11 13 15 17 19 22 24 27 | 27.0
Long Blades    | 3 4 6 8 9 10 11 13 14 16 19 21 23 25 26 27 | 27.0
Invocations    | 2 6 7 9 11 16 22 27 | 27.0
Evocations     | 16 25 27 | 27.0
Throwing       | 20 27 | 27.0
Stealth        | 22 27 | 27.0
Unarmed Combat | 18 | 18.4
Spellcasting   | 12 | 12.7

Action                   |  1- 3 |  4- 6 |  7- 9 | 10-12 | 13-15 | 16-18 | 19-21 || total
-------------------------+-------+-------+-------+-------+-------+-------+-------++-------
Melee: Long sword        |    24 |    45 |    26 |       |       |       |       ||    95
       Headbutt          |     3 |     9 |    26 |   126 |   269 |   356 |   319 ||  1108
       Scimitar          |       |       |    82 |   213 |     5 |       |       ||   300
       Double sword      |       |       |       |   180 |   509 |       |       ||   689
       Eudemon blade     |       |       |       |       |    67 |   446 |   853 ||  1366
       Demon blade       |       |       |       |       |   227 |   490 |       ||   717
Throw: Javelin           |       |       |       |       |       |       |     4 ||     4
Invok: Heroism           |       |       |     1 |    10 |    12 |    15 |     3 ||    41
       Finesse           |       |       |       |     9 |    13 |    15 |     3 ||    40
       Cleansing Flame   |       |       |       |       |       |       |     8 ||     8
       Divine Shield     |       |       |       |       |       |       |     4 ||     4
       Brand Weapon With |       |       |       |       |       |       |     1 ||     1
       Summon Divine War |       |       |       |       |       |       |     7 ||     7
Evoke: Wand              |       |       |       |     1 |     3 |       |       ||     4
  Use: Potion            |       |     2 |     4 |     5 |     2 |       |    20 ||    33
       Scroll            |       |       |     2 |     2 |     3 |    12 |     5 ||    24
 Stab: Confused          |       |       |       |       |     1 |       |       ||     1
  Eat: Bread ration      |       |       |     1 |       |     3 |     3 |     4 ||    11
       Fruit             |       |       |       |     9 |       |     3 |     5 ||    17
       Chunk             |       |       |       |     2 |       |       |       ||     2
       Pizza             |       |       |       |       |       |     1 |       ||     1
       Meat ration       |       |       |       |       |       |       |     2 ||     2
Armor: Scale mail        |     9 |     8 |       |       |       |       |       ||    17
       Chain mail        |       |    14 |    31 |    16 |       |       |       ||    61
       Plate armour      |       |       |       |     3 |       |       |       ||     3
       Crystal plate arm |       |       |       |    36 |   147 |    28 |       ||   211
       Gold dragon armou |       |       |       |       |       |    72 |   167 ||   239
Dodge: Dodged            |     9 |    24 |    62 |    74 |   198 |   125 |   185 ||   677
Block: Shield            |    12 |    19 |    78 |   142 |   119 |       |       ||   370
       Large shield      |       |       |       |       |   375 |   431 |   637 ||  1443
       Reflection        |       |       |       |       |       |     9 |    17 ||    26
